 Dungeon Crawl Stone Soup version 0.27.0-1-g7a089689b8 (webtiles) character file.

Game seed: 13063962664388297355

34958 ZombieSheep the Fighter (level 13, -1/87 HPs)
             Began as a Gargoyle Berserker on Aug 2, 2021.
             Was a High Priest of Trog.
             Slain by a death yak (16 damage)
             ... on level 5 of the Lair of Beasts.
             The game lasted 00:37:49 (13089 turns).

ZombieSheep the Fighter (Gargoyle Berserker)       Turns: 13089, Time: 00:37:50

Health: -1/87      AC: 24    Str: 23    XL:     13   Next: 80%
Magic:  13/13      EV: 16    Int:  7    God:    Trog [*****.]
Gold:   862        SH:  0    Dex: 13    Spells: 12/12 levels left

rFire    + + .     SeeInvis .   b - +0 demon whip (flame)
rCold    + + .     Faith    .   (no shield)
rNeg     + . .     Spirit   .   t - +3 leather armour {rF+}
rPois    ∞         Reflect  .   i - +0 hat of Fucygh {rC++}
rElec    +         Harm     .   k - +0 cloak
rCorr    +         Rampage  .   o - +2 pair of gloves {Stlth+}
Will     .....                  j - +0 pair of boots
Stlth    ++........             A - amulet of regeneration
HPRegen  1.24/turn              l - ring of protection from fire
MPRegen  0.13/turn              u - ring of resist corrosion

@: on berserk cooldown
A: sickness immunity, AC +9, negative energy resistance 1, electricity
resistance, torment resistance 1, petrification resistance
a: Renounce Religion, Berserk, Trog's Hand, Brothers in Arms


You were on level 5 of the Lair of Beasts.
You worshipped Trog.
Trog was extremely pleased with you.
You visited 2 branches of the dungeon, and saw 15 of its levels.
You also visited: Bailey and Ice Cave.

You collected 862 gold pieces.

Inventory:

Hand Weapons
 b - a +0 demon whip of flaming (weapon)
 P - a +3 great mace of flaming
Armour
 f - a +0 robe of willpower
 i - the +0 hat of Fucygh (worn) {rC++}
   (You found it on level 9 of the Dungeon)

   rC:        It greatly protects you from cold.
 j - a +0 pair of boots (worn)
 k - a +0 cloak (worn)
 o - a +2 pair of gloves of stealth (worn)
 t - a +3 leather armour of fire resistance (worn)
 w - a +2 leather armour of cold resistance
Jewellery
 l - a ring of protection from fire (left hand)
 u - a ring of resist corrosion (right hand)
 A - an amulet of regeneration (around neck)
 L - an amulet of the acrobat
Wands
 h - a wand of paralysis (14)
 m - a wand of iceblast (28)
 s - a wand of flame (17)
 B - a wand of acid (8)
 F - a wand of digging (2)
Scrolls
 d - 2 scrolls of blinking
 g - 4 scrolls of teleportation
 v - 3 scrolls of vulnerability
 y - 2 scrolls of brand weapon
 C - a scroll of enchant armour
 D - 2 scrolls of identify
 H - a scroll of fog
 J - a scroll of enchant weapon
Potions
 c - a potion of attraction
 e - 3 potions of flight
 n - 3 potions of mutation
 p - 7 potions of curing
 q - 4 potions of cancellation
 r - 2 potions of berserk rage
 z - 4 potions of lignification
 E - a potion of resistance
 I - a potion of magic
 K - a potion of might
 O - 5 potions of ambrosia


   Skills:
 + Level 12.9 Fighting
 + Level 12.0 Maces & Flails
 + Level 12.7 Armour
 + Level 10.1 Dodging


You had 12 spell levels left.
You didn't know any spells.
Your spell library was empty.

Dungeon Overview and Level Annotations

Branches:
Dungeon (10/15)            Temple (0/1) D:4            Lair (5/6) D:8
 Shoals (0/4) Lair:4       Spider (0/4) Lair:4       Bailey (visited)
  IceCv (visited)
  Slime: Lair:5-6       Orc: D:9-12

Altars:
Sif Muna

Shops:
D:2 =   D:4 [   D:9 =

Portals:
Abyss: D:7
Trove: D:10 (give +2 shadow dragon scales)

Annotations:
D:3 1 runed translucent door, seveneves's ghost, weakling MiFi
D:7 2 transporters, SnakkuSnakku7's ghost, amateur BaCK
Lair:2 exclusion: oklob plant
Lair:4 exclusion: ice statue


Innate Abilities, Weirdness & Mutations

You are immune to sickness and miasma.
Your stone body is resilient. (AC +9)
You are immune to poison.
You resist negative energy. (rN+)
You are resistant to electric shocks. (rElec)
You are resistant to unholy torment.
You are immune to petrification.


Message History

You start resting.
You feel a strong urge to attack something.
You start resting.
You feel your anger nearly subside.
You are no longer berserk.
You are exhausted.
You feel yourself slow down.
You start resting.
You feel yourself speed up.
There is a stone staircase leading down here.
You start resting.
HP restored.
You drop a +0 mace.
You climb downwards.
The death yak closely misses you. The death yak gores you!
The death yak closely misses you.
The death yak gores you but does no damage.
The death yak gores you!
There is a stone staircase leading up here.
You're still recovering from your berserk rage.
You whack the death yak! You burn the death yak.
The death yak is lightly wounded.
The death yak gores you but does no damage.
You hit the death yak. You burn the death yak.
The death yak is moderately wounded.
The death yak gores you but does no damage. x2
You barely miss the death yak.
The death yak is moderately wounded.
The death yak gores you but does no damage.
You whack the death yak! You burn the death yak.
The death yak is heavily wounded.
The death yak closely misses you. The death yak completely misses you.
You hit the death yak but do no damage.
The death yak is heavily wounded.
The death yak gores you but does no damage.
You hit the death yak. You burn the death yak.
The death yak is heavily wounded.
The death yak gores you! x2
The death yak gores you!!
* * * LOW HITPOINT WARNING * * *
The death yak barely misses you. The death yak gores you!
You die...

## ### ## #
#.##..##.####..
...............
#P..Y@Y...... .
#.....Y#.#..#
..#P.....# #
.........# ...
..##.....#.....
................
...#.............P
.###............PP.
+##......##.P.#.P..


You could see 3 death yaks.

Vanquished Creatures
  Gastronok (D:9)
  A hydra (Lair:4)
  A boulder beetle (D:8)
  A centaur warrior (D:8)
  3 two-headed ogres
  3 death yaks (Lair:4)
  2 ugly things (IceCv)
  9 elephants (Lair:3)
  A gargoyle (D:10)
  3 ice statues (IceCv)
  Maggie (D:7)
  A torpor snail (Lair:3)
  6 cane toads
  9 komodo dragons
  An anaconda simulacrum (IceCv)
  2 rime drakes (Lair:4)
  3 meliai
  A troll (D:10)
  A queen bee (Lair:4)
  4 polar bears
  Prince Ribbit (D:8)
  4 dream sheep (Lair:5)
  Eustachio (D:5)
  Sigmund (D:2)
  47 yaks
  3 wyverns
  A basilisk (Lair:4)
  Menkaure (D:5)
  A harpy simulacrum (IceCv)
  Duvessa (D:5)
  10 water moccasins
  3 ice beasts (Lair:4)
  2 orc warriors
  2 black bears (D:5)
  A necrophage (D:7)
  An ogre (D:5)
  3 wolves (Lair:4)
  2 centaurs
  6 bullfrogs
  6 scorpions (Lair:4)
  Dowan (D:5)
  A cane toad simulacrum (IceCv)
  2 water moccasin skeletons (D:5)
  24 killer bees
  4 wights (D:9)
  An elephant simulacrum (IceCv)
  A bullfrog zombie (D:6)
  2 jellies
  2 centaur zombies
  3 hounds
  2 orc priests (D:7)
  2 gnoll shamans
  Ijyb (D:4)
  4 iguanas
  8 orc wizards
  2 scorpion zombies (D:5)
  A polar bear simulacrum (IceCv)
  2 wolf simulacra (IceCv)
  A hound zombie (D:5)
  6 gnolls
  4 adders
  A shadow imp (D:7)
  16 white imps
  An ufetubus (D:5)
  5 worms
  4 dart slugs (D:2)
  21 orcs
  6 bats
  12 endoplasms
  4 giant cockroaches
  7 goblins
  12 hobgoblins
  5 jackals
  4 quokkas
  6 ball pythons
  4 frilled lizards
  7 kobolds
  2 rats
342 creatures vanquished.

Vanquished Creatures (collateral kills)
  Nessos (Lair:4)
1 creature vanquished.

Vanquished Creatures (others)
  11 fungi
  2 plants (Lair:4)
13 creatures vanquished.

Grand Total: 356 creatures vanquished

Notes
Turn   | Place    | Note
-------+----------+-------------------------------------------
     0 | D:1      | ZombieSheep the Gargoyle Berserker began the quest for the
                  | Orb.
     0 | D:1      | Reached XP level 1. HP: 14/14 MP: 1/1
    42 | D:1      | Reached XP level 2. HP: 3/19 MP: 2/2
   929 | D:1      | Reached XP level 3. HP: 20/23 MP: 3/3
  1129 | D:1      | Reached ** piety under Trog
  1278 | D:2      | Noticed Sigmund
  1290 | D:2      | Killed Sigmund
  1291 | D:2      | Reached XP level 4. HP: 23/30 MP: 4/4
  1291 | D:2      | Reached XP level 5. HP: 26/34 MP: 5/5
  1541 | D:2      | Found a faded altar of an unknown god.
  1894 | D:2      | Found Loz Ong's Jewellery Shop.
  2262 | D:2      | Reached XP level 6. HP: 35/39 MP: 6/6
  2394 | D:2      | Identified a scroll of acquirement
  2394 | D:2      | Acquired a +0 demon whip of flaming
  2709 | D:3      | Found a runed translucent door.
  2718 | D:3      | Noticed seveneves's ghost (weakling MiFi)
  2989 | D:3      | Acquired a +2 pair of gloves of stealth
  3159 | D:4      | Found Huciuzes's Antique Armour Emporium.
  3226 | D:4      | Reached *** piety under Trog
  3346 | D:4      | Found a staircase to the Ecumenical Temple.
  3381 | D:4      | Noticed Ijyb
  3405 | D:4      | Killed Ijyb
  3819 | D:5      | Entered Level 5 of the Dungeon
  3825 | D:5      | Found a shimmering blue altar of Sif Muna.
  3839 | D:5      | Reached skill level 5 in Fighting
  3839 | D:5      | Reached XP level 7. HP: 44/44 MP: 7/7
  3924 | D:5      | You fall into a shaft and drop 2 floors!
  3926 | D:7      | Noticed Maggie
  3939 | D:7      | Killed Maggie
  3940 | D:7      | Reached skill level 5 in Maces & Flails
  3940 | D:7      | Reached skill level 5 in Armour
  4008 | D:7      | Noticed a yak
  4009 | D:7      | Noticed a yak
  4010 | D:7      | Noticed a yak
  4014 | D:7      | Noticed a yak
  4015 | D:7      | Killed a yak
  4015 | D:7      | Noticed a yak
  4016 | D:7      | Reached XP level 8. HP: 51/51 MP: 8/8
  4019 | D:7      | Noticed a yak
  4022 | D:7      | Killed a yak
  4025 | D:7      | Killed a yak
  4028 | D:7      | Killed a yak
  4031 | D:7      | Killed a yak
  4036 | D:7      | Killed a yak
  4037 | D:7      | Reached XP level 9. HP: 35/56 MP: 9/9
  4296 | D:6      | Reached skill level 5 in Dodging
  4620 | D:5      | Noticed Menkaure
  4621 | D:5      | Noticed Duvessa
  4621 | D:5      | Noticed Dowan
  4782 | D:5      | Killed Duvessa
  4831 | D:5      | Killed Dowan
  5032 | D:5      | Reached **** piety under Trog
  5120 | D:5      | Noticed Eustachio
  5130 | D:5      | Killed Eustachio
  5286 | D:5      | Killed Menkaure
  5940 | D:7      | Noticed a toenail golem
  5941 | D:7      | Noticed a toenail golem
  5941 | D:7      | Noticed SnakkuSnakku7's ghost (amateur BaCK)
  5954 | D:7      | Found a one-way gate to the infinite horrors of the Abyss.
  5956 | D:7      | Found a transporter.
  6058 | D:7      | Reached XP level 10. HP: 62/64 MP: 10/10
  6260 | D:7      | Found a transporter.
  6358 | D:8      | Noticed a centaur warrior
  6360 | D:8      | Found a staircase to the Lair.
  6404 | D:8      | Killed a centaur warrior
  6554 | D:8      | Noticed a boulder beetle
  6574 | D:8      | Killed a boulder beetle
  6585 | D:8      | Noticed Prince Ribbit
  6649 | D:8      | Killed Prince Ribbit
  6659 | D:8      | Found a flagged portal.
  6659 | D:8      | Noticed a two-headed ogre
  6670 | D:8      | Killed a two-headed ogre
  6711 | Bailey   | Entered a bailey
  7108 | D:9      | Identified the +0 hat of Fucygh {rC++}
  7165 | D:9      | Noticed Gastronok
  7198 | D:9      | Killed Gastronok
  7199 | D:9      | Reached XP level 11. HP: 27/72 MP: 11/11
  7445 | D:9      | Found Jekeivyll's Jewellery Shop.
  7467 | D:9      | Reached ***** piety under Trog
  7491 | D:9      | Reached skill level 10 in Fighting
  7760 | D:9      | Noticed a two-headed ogre
  7769 | D:9      | Killed a two-headed ogre
  7808 | D:10     | Entered Level 10 of the Dungeon
  8058 | D:10     | Noticed a two-headed ogre
  8073 | D:10     | Killed a two-headed ogre
  8074 | D:10     | Reached skill level 10 in Armour
  8448 | D:10     | Found a portal to a secret trove of treasure.
  8829 | Lair:1   | Entered Level 1 of the Lair of Beasts
  9068 | Lair:1   | Reached skill level 10 in Maces & Flails
  9074 | Lair:1   | Reached XP level 12. HP: 71/79 MP: 12/12
 10736 | Lair:3   | Reached XP level 13. HP: 83/86 MP: 13/13
 11131 | Lair:4   | Found a staircase to the Shoals.
 11404 | Lair:3   | Received a gift from Trog
 11656 | Lair:4   | Found a frozen archway.
 11701 | IceCv    | Entered an ice cave
 12037 | Lair:4   | Noticed Nessos
 12430 | Lair:4   | Found a hole to the Spider Nest.
 12770 | Lair:4   | Killed Nessos
 12941 | Lair:5   | Reached skill level 10 in Dodging
 13089 | Lair:5   | Slain by a death yak

Illustrated notes

Levels and vault maps discovered:
D:1:      ebering_hopf_link, layout_basic, minmay_misc_feat_five,
          minmay_misc_feat_pillars, minmay_box_of_dots
D:2:      minmay_razor_zed, layout_basic, serial_shops, shop,
          ebering_ecumenical_altar_petrified, uniq_sigmund
D:3:      layout_basic, ebering_ghost_inner_flame
D:4:      layout_cave_pools, minmay_temple_entry_slanted, serial_shops,
          shop_fountains, uniq_ijyb
D:5:      layout_rooms, mainiacjoe_overflow_brackets, st_stairs_12,
          serial_bayou_pond_d, uniq_eustachio, uniq_menkaure, uniq_duvessa
D:6:      layout_basic, nrook_uturn, hex_intersection
D:7:      layout_rooms, gammafunk_ghost_abyssal_escape, uniq_maggie
D:8:      layout_rooms, lair_entry_dummy, enter_bailey_2, uniq_prince_ribbit1
D:9:      layout_basic, serial_shops, nicolae_shop_crystal, uniq_gastronok
D:10:     layout_basic, nicolae_trove_entry_columns
Lair:1:   layout_loops_ring
Lair:2:   layout_misc_corridors, minmay_lair_oklob_bushes
Lair:3:   layout_roguey, lemuel_fruit_tree, serial_bayou_shore_b
Lair:4:   layout_roguey [special_room_bee], elwin_shoals_entry_rocks,
          nicolae_spider_entry_non_spiders, portal_ice_cave_entry_imps,
          ice2_lemuel, uniq_nessos
Lair:5:   layout_regular_city, slime_altar_1, basic_altar, grunt_megastairs_5

Skill      XL: |  1  2  3  4  5  6  7  8  9 10 11 12 13 |
---------------+----------------------------------------+-----
Dodging        | 2 3 4 5 7 8 9 10 | 10.1
Fighting       | 4 5 6 8 9 10 12 | 12.9
Armour         | 3 4 5 6 7 9 10 11 12 | 12.7
Maces & Flails | 4 5 6 7 9 10 11 12 | 12.0

Action                   |  1- 3 |  4- 6 |  7- 9 | 10-12 | 13-15 || total
-------------------------+-------+-------+-------+-------+-------++-------
Melee: Mace              |    73 |    98 |       |       |       ||   171
       Demon whip        |       |   110 |   201 |   721 |   497 ||  1529
Invok: Berserk           |     2 |     3 |     4 |     4 |     3 ||    16
       Brothers in Arms  |       |       |       |       |     2 ||     2
Evoke: Wand              |       |       |       |       |     5 ||     5
  Use: Scroll            |     2 |    10 |     7 |     4 |     4 ||    27
       Potion            |       |       |       |       |     2 ||     2
 Stab: Distracted        |       |     1 |       |       |       ||     1
       Sleeping          |       |       |     3 |     4 |       ||     7
Armor: Animal skin       |     6 |       |       |       |       ||     6
       Leather armour    |    14 |       |    71 |   244 |   216 ||   545
       Ring mail         |     9 |   106 |       |       |       ||   115
Dodge: Dodged            |    40 |   148 |    94 |   340 |   358 ||   980
